AoeStats
← 体制少妇白洁

QS Arena

502926541Analyzed
4v4 RM · 1mo ago on Aug 29, 2026· 58m 12s· 8 players
Game mode
Random Map
Map size
Large (8 player)
Population
200
Speed
Normal
Resources
Standard
Victory
Conquest
Starting age
Dark Age
Ending age
Imperial Age
RankedLock teamsTeams togetherTeam positionsShared explorationLock speedFull tech treeHidden civsTurbo modeCheats
Victory
Defeat
🇲🇴 Cumans · Macao SAR China
1509
+14
🇲🇴 Spanish · Macao SAR China
1473
+16
🇦🇷 Muisca · Argentina
1397
+19
🇦🇷 Italians · Argentina
1380
+20
🇭🇰 Bohemians · Hong Kong SAR China
1591
-23
🇨🇳 Malay · China
1465
-17
不講道德
8:34 Feudal Age
13:55 Castle Age
11:53 Double-Bit Axe
12:38 Horse Collar
12:57 Loom
14:42 Gold Mining
17:42 Padded Archer Armor
19:51 Fletching
25:16 Leather Archer Armor
26:50 Bloodlines
29:25 Husbandry
41:59 Imperial Age
43:15 Ring Archer Armor
43:12 Conscription
49:06 Ring Archer Armor
不講醫德
8:19 Feudal Age
11:58 Castle Age
9:54 Horse Collar
10:27 Double-Bit Axe
14:21 Bow Saw
19:40 Heavy Plow
19:33 Gold Mining
21:06 Gold Shaft Mining
21:40 Wheelbarrow
21:04 Loom
21:05 Town Watch
25:29 Imperial Age
23:38 Scale Mail Armor
23:49 Forging
24:12 Hand Cart
23:43 Town Watch
24:13 Stone Mining
25:01 Chain Mail Armor
26:01 Squires
27:16 Plate Mail Armor
27:21 Iron Casting
29:20 Elite Temple Guard
31:40 Crop Rotation
32:12 Two-Man Saw
31:19 Capped Ram
33:33 Champi Runner
34:34 Champi Warrior
36:08 Elite Champi Warrior
38:07 Fletching
38:18 Padded Archer Armor
40:41 Onager
43:08 Elite Skirmisher
48:02 Bodkin Arrow
48:23 Leather Archer Armor
57:09 Stone Shaft Mining
HOU
1:45 Loom
6:52 Feudal Age
7:15 Horse Collar
7:21 Double-Bit Axe
17:58 Castle Age
16:37 Scale Barding Armor
16:31 Town Watch
17:14 Forging
18:19 Bloodlines
18:39 Heavy Plow
18:49 Bow Saw
19:03 Chain Barding Armor
20:51 Wheelbarrow
20:52 Iron Casting
22:32 Gold Mining
22:32 Stone Mining
26:41 Gold Shaft Mining
25:59 Light Cavalry
27:53 Fletching
28:04 Scale Mail Armor
28:04 Padded Archer Armor
29:12 Capped Ram
32:36 Imperial Age
31:07 Hand Cart
30:38 Pikeman
31:36 Chain Mail Armor
31:44 Bodkin Arrow
32:18 Squires
32:34 Leather Archer Armor
32:44 Cavalier
33:11 Halberdier
34:22 Plate Mail Armor
34:44 Plate Barding Armor
36:30 Conscription
37:25 Blast Furnace
38:33 Ring Archer Armor
38:09 Hussar
39:28 Hoardings
38:55 Steppe Husbandry
38:42 Elite Skirmisher
39:29 Thumb Ring
39:34 Siege Ram
40:28 Cuman Mercenaries
41:06 Crop Rotation
41:50 Two-Man Saw
42:08 Parthian Tactics
45:34 Chemistry
44:55 Ballistics
44:46 Masonry
45:57 Paladin
49:03 Elite Kipchak
澳門陽光男孩
8:25 Feudal Age
12:57 Castle Age
10:50 Double-Bit Axe
11:15 Horse Collar
12:26 Stone Mining
23:30 Fletching
25:28 Padded Archer Armor
25:38 Loom
27:31 Leather Archer Armor
30:35 Bodkin Arrow
36:12 Wheelbarrow
36:38 Ballistics
40:02 Imperial Age
40:01 Coinage
39:51 Caravan
40:15 Silk Road
41:24 Conscription
42:06 Chemistry
41:43 Ring Archer Armor
42:44 Conscription
45:31 Bracer
45:01 Elite Genoese Crossbowman
47:44 Hoardings
48:33 Bow Saw
48:49 Gold Mining
50:53 Pirotechnia
53:36 Hand Cart
53:26 Scale Mail Armor
53:36 Forging
54:16 Hand Cart
53:49 Arson
54:05 Squires
54:39 Chain Mail Armor
体制少妇白洁
8:22 Feudal Age
9:11 Double-Bit Axe
12:02 Castle Age
10:08 Horse Collar
12:39 Wheelbarrow
13:00 Bow Saw
13:21 Heavy Plow
20:56 Hand Cart
20:48 Loom
25:28 Imperial Age
24:26 Chemistry
25:33 Town Watch
25:30 Pikeman
27:09 Scale Mail Armor
27:47 Fletching
27:58 Padded Archer Armor
28:38 Ballistics
27:57 Crossbowman
28:35 Arbalester
29:12 Bodkin Arrow
32:47 Bracer
38:42 Leather Archer Armor
38:38 Clinker Construction
39:50 Siege Engineers
39:34 Halberdier
40:14 Squires
40:26 Forging
40:54 Wagenburg Tactics
43:18 Chain Mail Armor
43:39 Iron Casting
43:23 Houfnice
44:43 Caravan
46:26 Plate Mail Armor
46:56 Blast Furnace
46:27 Ring Archer Armor
45:53 Elite Hussite Wagon
46:54 Conscription
46:39 Hussite Reforms
46:33 Elite Hussite Wagon
57:27 Coinage
57:23 Man-at-Arms
57:49 Arson
莲花去国一千年,雨后闻腥犹带铁
8:43 Feudal Age
9:40 Double-Bit Axe
12:40 Castle Age
11:13 Horse Collar
13:36 Town Watch
17:20 Loom
19:00 Wheelbarrow
19:50 Heavy Plow
22:12 Scale Barding Armor
24:38 Bloodlines
24:41 Forging
24:40 Gold Mining
24:41 Stone Mining
27:45 Imperial Age
27:01 Chain Barding Armor
28:55 Iron Casting
27:49 Cavalier
29:15 Plate Barding Armor
29:38 Paladin
31:35 Hand Cart
33:53 Blast Furnace
43:04 Chemistry
44:36 Siege Engineers
47:53 Fortified Wall
47:18 Pikeman
47:59 Squires
49:10 Padded Archer Armor
50:28 Caravan
50:13 Capped Ram
55:10 Leather Archer Armor
YiTiaoQu
6:53 Feudal Age
6:33 Double-Bit Axe
6:29 Horse Collar
9:47 Wheelbarrow
14:11 Castle Age
13:58 Bow Saw
14:35 Heavy Plow
18:10 Loom
22:45 Gold Mining
24:35 Gold Shaft Mining
27:16 Imperial Age
24:55 Fletching
25:32 Bodkin Arrow
25:39 Padded Archer Armor
26:02 Hand Cart
25:33 Town Watch
25:17 Crossbowman
26:31 Thumb Ring
26:28 Town Watch
28:16 Chemistry
27:26 Bracer
28:44 Leather Archer Armor
28:24 Arbalester
30:10 Ring Archer Armor
30:47 Man-at-Arms
31:28 Squires
31:13 Arson
31:41 Forging
31:59 Ballistics
33:27 Iron Casting
33:11 Forced Levy
33:03 Capped Ram
33:52 Long Swordsman
34:58 Conscription
34:57 Two-Handed Swordsman
37:48 Blast Furnace
37:25 Crop Rotation
39:04 Masonry
39:41 Town Patrol
40:20 Guilds
45:13 Scale Barding Armor
47:00 Coinage
46:30 Caravan
48:09 Banking
47:58 Stone Mining
50:00 Treadmill Crane
50:26 Siege Engineers
50:43 Bombard Tower
51:31 Stone Shaft Mining
50:33 Pikeman
51:15 Halberdier
夫国之有民,犹水之有舟,停则以安,扰则以危
7:36 Feudal Age
11:16 Castle Age
9:45 Double-Bit Axe
12:42 Bow Saw
24:48 Loom
25:38 Wheelbarrow
29:29 Fletching
41:24 Imperial Age
39:17 Town Watch
40:59 Hand Cart
45:25 Ballistics
45:52 Padded Archer Armor
47:25 Chemistry
46:30 Bodkin Arrow
46:58 Elite Skirmisher
49:08 Bracer
51:20 Leather Archer Armor
52:54 Ring Archer Armor
56:08 Horse Collar
Connection lost

Rejoining the realm…

Still unreachable

The connection could not be restored.

Session expired

The server has moved on; the page needs a fresh start.